APL (24 & UNDER)
SCOTTSDALE SCORPIONS @ PENSACOLA PILOTS
05/22/2027
 
TOP OF THE 1ST
Scottsdale Scorpions batting - Pitching for Pensacola Pilots : LHP Ramón Vázquez
Pitching: LHP Ramón Vázquez
Batting: LHB Ernesto Hernández 0-0: Called Strike
0-1: Ball
1-1: Ground out U3 (Groundball, 3L)
Batting: RHB Edgardo Gonzáles 0-0: Swinging Strike
0-1: Called Strike
0-2: Ball
1-2: Foul Ball, location: 2F
1-2: Strikes out looking
Batting: LHB Sergio Fernández 0-0: Ball
1-0: Called Strike
1-1: Ball
2-1: Swinging Strike
2-2: Strikes out swinging
Top of the 1st over - 0 run(s), 0 hit(s), 0 error(s), 0 left on base; Scottsdale 0 - Pensacola 0
BOTTOM OF THE 1ST
Pensacola Pilots batting - Pitching for Scottsdale Scorpions : LHP Eric Fisher
Pitching: LHP Eric Fisher
Batting: LHB Pedro Ramos 0-0: Ball
1-0: Called Strike
1-1: Called Strike
1-2: Strikes out swinging
Batting: RHB Julian Lee 0-0: Foul Ball, location: 2F
0-1: Ball
1-1: Foul Ball, location: 2F
1-2: Foul Ball, location: 2F
1-2: Strikes out looking
Batting: RHB Peter Bishop 0-0: Reached on error, E5 (Groundball, 56)
Batting: RHB Jesús Sánchez 0-0: Ground out 5-3 (Groundball, 56)
Bottom of the 1st over - 0 run(s), 0 hit(s), 1 error(s), 1 left on base; Scottsdale 0 - Pensacola 0
TOP OF THE 2ND
Scottsdale Scorpions batting - Pitching for Pensacola Pilots : LHP Ramón Vázquez
Batting: RHB Sergio Domínguez 0-0: Ball
1-0: Called Strike
1-1: Ball
2-1: Foul Ball, location: 2F
2-2: Foul Ball, location: 2F
2-2: Ball
3-2: Foul Ball, location: 2F
3-2: Base on Balls
Batting: RHB Ronald Smith 0-0: Fly out, F9 (Flyball, 9D)
Batting: SHB Arnold Moore 0-0: Swinging Strike
0-1: Ball
1-1: Fly out, F9 (Flyball, 9)
Batting: LHB José Garza 0-0: Ball
1-0: Fielders Choice at 2nd, 5-4 (Groundball, 56D)
Top of the 2nd over - 0 run(s), 0 hit(s), 0 error(s), 0 left on base; Scottsdale 0 - Pensacola 0
BOTTOM OF THE 2ND
Pensacola Pilots batting - Pitching for Scottsdale Scorpions : LHP Eric Fisher
Batting: LHB Ricardo García 0-0: Ball
1-0: Ball
2-0: Ground out 3-1 (Groundball, 34)
Batting: SHB Fernando Gutiérrez 0-0: Ball
1-0: Called Strike
1-1: Ball
2-1: Ball
3-1: Base on Balls
Batting: RHB Ángel López 0-0: Foul Ball, location: 2F
0-1: Foul Ball, location: 2F
0-2: Strikes out swinging
Batting: RHB Jonny Lord 0-0: Called Strike
0-1: Fielders Choice at 2nd, 4-6 (Groundball, 4)
Bottom of the 2nd over - 0 run(s), 0 hit(s), 0 error(s), 0 left on base; Scottsdale 0 - Pensacola 0
TOP OF THE 3RD
Scottsdale Scorpions batting - Pitching for Pensacola Pilots : LHP Ramón Vázquez
Batting: RHB Jaime Delgado 0-0: Ball
1-0: Ball
2-0: Ball
3-0: Called Strike
3-1: Foul Ball, location: 2F
3-2: Strikes out swinging
Batting: RHB Robinson Fernández 0-0: Ball
1-0: Ball
2-0: Ball
3-0: Called Strike
3-1: Base on Balls
Batting: LHB Ernesto Hernández 0-0: Foul Ball, location: 2F
0-1: Ball
1-1: Fielders Choice at 2nd, 6-4 (Groundball, 6)
Batting: RHB Edgardo Gonzáles 0-0: Ball
1-0: Ball
2-0: Ball
3-0: Base on Balls
Ernesto Hernández to second
Batting: LHB Sergio Fernández 0-0: Ball
1-0: Foul Ball, location: 2F
1-1: Called Strike
1-2: Strikes out swinging
Top of the 3rd over - 0 run(s), 0 hit(s), 0 error(s), 2 left on base; Scottsdale 0 - Pensacola 0
BOTTOM OF THE 3RD
Pensacola Pilots batting - Pitching for Scottsdale Scorpions : LHP Eric Fisher
Batting: RHB Jesús García 0-0: Called Strike
0-1: Called Strike
0-2: Strikes out swinging
Batting: LHB Pedro Ramos 0-0: Ground out 3-1 (Groundball, 34)
Batting: RHB Julian Lee 0-0: Ball
1-0: Ground out 5-3 (Groundball, 56)
Bottom of the 3rd over - 0 run(s), 0 hit(s), 0 error(s), 0 left on base; Scottsdale 0 - Pensacola 0
TOP OF THE 4TH
Scottsdale Scorpions batting - Pitching for Pensacola Pilots : LHP Ramón Vázquez
Batting: RHB Sergio Domínguez 0-0: Called Strike
0-1: SOLO HOME RUN (Line Drive, 7D) (Inside the Park)
Batting: RHB Ronald Smith 0-0: Swinging Strike
0-1: Swinging Strike
0-2: Foul Ball, location: 2F
0-2: Strikes out swinging
Batting: SHB Arnold Moore 0-0: Ball
1-0: Ball
2-0: Called Strike
2-1: Swinging Strike
2-2: Fly out, F8 (Flyball, 8LD)
Batting: LHB José Garza 0-0: Ball
1-0: Ball
2-0: Called Strike
2-1: Swinging Strike
2-2: Ball
3-2: Strikes out swinging
Top of the 4th over - 1 run(s), 1 hit(s), 0 error(s), 0 left on base; Scottsdale 1 - Pensacola 0
BOTTOM OF THE 4TH
Pensacola Pilots batting - Pitching for Scottsdale Scorpions : LHP Eric Fisher
Batting: RHB Peter Bishop 0-0: SINGLE (Line Drive, 56)
Batting: RHB Jesús Sánchez 0-0: Called Strike
0-1: Called Strike
0-2: Foul Ball, location: 2F
0-2: Foul Ball, location: 2F
0-2: Ball
1-2: Ground out 6-3 (Groundball, 6)
Peter Bishop to second
Batting: LHB Ricardo García 0-0: Called Strike
0-1: Ball
1-1: Foul Ball, location: 2F
1-2: Foul Ball, location: 2F
1-2: Ground out 4-3 (Groundball, 4)
Peter Bishop to third
Batting: SHB Fernando Gutiérrez 0-0: Ball
1-0: Called Strike
1-1: Swinging Strike
1-2: Fly out, F3 (Popup, 34)
Bottom of the 4th over - 0 run(s), 1 hit(s), 0 error(s), 1 left on base; Scottsdale 1 - Pensacola 0
TOP OF THE 5TH
Scottsdale Scorpions batting - Pitching for Pensacola Pilots : LHP Ramón Vázquez
Batting: RHB Jaime Delgado 0-0: Ball
1-0: Foul Ball, location: 2F
1-1: Foul Ball, location: 2F
1-2: Strikes out swinging
Batting: RHB Robinson Fernández 0-0: Ground out 5-3 (Groundball, 56S)
Batting: LHB Ernesto Hernández 0-0: Ball
1-0: Ball
2-0: Ball
3-0: Base on Balls
Batting: RHB Edgardo Gonzáles 0-0: Ball
Ernesto Hernández steals 2nd base
1-0: Ball
2-0: Called Strike
2-1: Foul Ball, location: 2F
2-2: Fly out, F9 (Flyball, 9LS)
Top of the 5th over - 0 run(s), 0 hit(s), 0 error(s), 1 left on base; Scottsdale 1 - Pensacola 0
BOTTOM OF THE 5TH
Pensacola Pilots batting - Pitching for Scottsdale Scorpions : LHP Eric Fisher
Batting: RHB Ángel López 0-0: Foul Ball, location: 2F
0-1: Ball
1-1: Ball
2-1: Ball
3-1: Base on Balls
Batting: RHB Jonny Lord 0-0: Called Strike
0-1: DOUBLE (Line Drive, 89M)
Ángel López to third
Batting: RHB Jesús García 0-0: Ball
1-0: Foul Ball, location: 2F
1-1: Swinging Strike
1-2: Strikes out looking
Batting: LHB Pedro Ramos 0-0: Ground out U3 (Groundball, 3)
Batting: RHB Julian Lee 0-0: Ball
1-0: Ball
2-0: Called Strike
2-1: Ball
3-1: SINGLE (Groundball, 6S) (infield hit)
Ángel López scores
Jonny Lord to third
Batting: RHB Peter Bishop 0-0: Called Strike
0-1: Ball
1-1: Foul Ball, location: 2F
1-2: Strikes out swinging, 2-3 out at first.
Bottom of the 5th over - 1 run(s), 2 hit(s), 0 error(s), 2 left on base; Scottsdale 1 - Pensacola 1
TOP OF THE 6TH
Scottsdale Scorpions batting - Pitching for Pensacola Pilots : LHP Ramón Vázquez
Batting: LHB Sergio Fernández 0-0: Ball
1-0: Ball
2-0: Called Strike
2-1: Ground out 1-3 (Groundball, 15)
Batting: RHB Sergio Domínguez 0-0: Ball
1-0: Swinging Strike
1-1: Ball
2-1: Foul Ball, location: 2F
2-2: Foul Ball, location: 2F
2-2: Foul Ball, location: 2F
2-2: SINGLE (Groundball, 6MD)
Batting: RHB Ronald Smith 0-0: Fielders Choice at 2nd, 1-4 (Groundball, 15)
Batting: SHB Arnold Moore 0-0: Ball
1-0: Ball
2-0: Ball
3-0: Called Strike
3-1: Base on Balls
Ronald Smith to second
Batting: LHB José Garza 0-0: Ball
1-0: Ball
2-0: Ball
3-0: Base on Balls
Ronald Smith to third
Arnold Moore to second
Batting: RHB Jaime Delgado 0-0: Called Strike
0-1: Ball
1-1: Ball
2-1: SINGLE (Line Drive, 3L)
Ronald Smith scores
Arnold Moore to third
José Garza to second
Batting: RHB Robinson Fernández 0-0: Ball
1-0: Fielders Choice at 2nd, 5-4 (Groundball, 5)
Top of the 6th over - 1 run(s), 2 hit(s), 0 error(s), 2 left on base; Scottsdale 2 - Pensacola 1
BOTTOM OF THE 6TH
Pensacola Pilots batting - Pitching for Scottsdale Scorpions : LHP Eric Fisher
Batting: RHB Jesús Sánchez 0-0: Ball
1-0: Reached via error on a dropped throw, E3
Batting: LHB Ricardo García 0-0: Called Strike
0-1: Foul Ball, location: 2F
0-2: Grounds into double play, 3-6-3 (Groundball, 3)
Batting: SHB Fernando Gutiérrez 0-0: Ball
1-0: Ball
2-0: Ball
3-0: Called Strike
3-1: Fly out, F7 (Flyball, 7)
Bottom of the 6th over - 0 run(s), 0 hit(s), 1 error(s), 0 left on base; Scottsdale 2 - Pensacola 1
TOP OF THE 7TH
Scottsdale Scorpions batting - Pitching for Pensacola Pilots : LHP Ramón Vázquez
Batting: LHB Ernesto Hernández 0-0: Ball
1-0: Called Strike
1-1: Ball
2-1: Swinging Strike
2-2: Ball
3-2: Base on Balls
Pitching: RHP Jesús Núñez
Batting: RHB Edgardo Gonzáles 0-0: Fly out, F9 (Flyball, 89M)
Batting: LHB Sergio Fernández 0-0: Called Strike
Ernesto Hernández steals 2nd base
0-1: SINGLE (Groundball, 15) (infield hit)
Ernesto Hernández to third
Batting: RHB Sergio Domínguez 0-0: Ball
1-0: Ball
2-0: Ball
3-0: Base on Balls
Sergio Fernández to second
Pitching: RHP Manuel Valdés
Pinch Hitting: LHB Manny Vigil 0-0: Called Strike
0-1: Fly out, F8 (Flyball, 8LM)
Runner from 3rd tags up, SCORES, no throw
Batting: SHB Arnold Moore 0-0: Swinging Strike
0-1: Ball
1-1: Ball
2-1: Ball
3-1: Base on Balls
Sergio Fernández to third
Sergio Domínguez to second
Batting: LHB José Garza 0-0: Ball
1-0: Called Strike
1-1: Called Strike
1-2: Foul Ball, location: 2F
1-2: Foul Ball, location: 2F
1-2: Foul Ball, location: 2F
1-2: Foul Ball, location: 2F
1-2: Fielders Choice at 2nd, 4-6 (Groundball, 4)
Top of the 7th over - 1 run(s), 1 hit(s), 0 error(s), 2 left on base; Scottsdale 3 - Pensacola 1
BOTTOM OF THE 7TH
Pensacola Pilots batting - Pitching for Scottsdale Scorpions : LHP Eric Fisher
Now at SS: Ricardo Gutiérrez
Batting: RHB Ángel López 0-0: Ball
1-0: Ball
2-0: Called Strike
2-1: SINGLE (Line Drive, 4MD)
Batting: RHB Jonny Lord 0-0: Ball
1-0: Called Strike
1-1: Swinging Strike
1-2: Foul Ball, location: 2F
1-2: Strikes out looking
Pitching: RHP Billy O'Neal
Batting: RHB Jesús García 0-0: Called Strike
0-1: Ball
1-1: Ball
2-1: Foul Ball, location: 2F
2-2: Ball
3-2: Foul Ball, location: 2F
3-2: Strikes out looking
Batting: LHB Pedro Ramos 0-0: Called Strike
0-1: Ball
1-1: Foul Ball, location: 2F
1-2: Ball
2-2: Ball
3-2: Foul Ball, location: 2F
3-2: Foul Ball, location: 2F
3-2: Foul Ball, location: 2F
3-2: Foul Ball, location: 2F
3-2: SINGLE (Flyball, 8RS)
Ángel López to second
Ángel López to third
Pinch Hitting: LHB Weston Chaney 0-0: Ball
1-0: Called Strike
1-1: Called Strike
1-2: Foul Ball, location: 2F
1-2: Ball
2-2: SINGLE (Groundball, 4MD)
Ángel López scores
Pedro Ramos to second
Runner from 2nd tries for 3rd, SAFE, throw made to third
Batting: RHB Peter Bishop 0-0: Foul Ball, location: 2F
0-1: Swinging Strike
0-2: Foul Ball, location: 2F
0-2: Ball
1-2: Ball
2-2: Foul Ball, location: 2F
2-2: Ball
3-2: Strikes out swinging
Bottom of the 7th over - 1 run(s), 3 hit(s), 0 error(s), 2 left on base; Scottsdale 3 - Pensacola 2
TOP OF THE 8TH
Scottsdale Scorpions batting - Pitching for Pensacola Pilots : RHP Manuel Valdés
Now in LF: José Cordero
Batting: RHB Jaime Delgado 0-0: Ball
1-0: Called Strike
1-1: Called Strike
1-2: Strikes out looking
Batting: RHB Robinson Fernández 0-0: Ball
1-0: Swinging Strike
1-1: SINGLE (Groundball, 34D)
Batting: LHB Ernesto Hernández 0-0: Ball
1-0: Foul Ball, location: 2F
1-1: Ball
2-1: Ground out U3 (Groundball, 3S)
Robinson Fernández to second
Batting: RHB Edgardo Gonzáles 0-0: Ball
1-0: Ball
2-0: Ball
3-0: Base on Balls
Batting: LHB Sergio Fernández 0-0: Ball
1-0: Called Strike
1-1: Foul Ball, location: 2F
1-2: Ball
2-2: SINGLE (Groundball, 13S) (infield hit)
Robinson Fernández to third
Edgardo Gonzáles to second
Batting: RHB Sergio Domínguez 0-0: Called Strike
0-1: Ball
1-1: SINGLE (Flyball, 78S)
Robinson Fernández scores
Edgardo Gonzáles to third
Sergio Fernández to second
Runner from 3rd tries for Home, SAFE, no throw
Batting: RHB Ricardo Gutiérrez 0-0: SINGLE (Groundball, 6MD)
Sergio Fernández to third
Sergio Domínguez to second
Runner from 3rd tries for Home, throw and OUT!
Top of the 8th over - 2 run(s), 4 hit(s), 0 error(s), 2 left on base; Scottsdale 5 - Pensacola 2
BOTTOM OF THE 8TH
Pensacola Pilots batting - Pitching for Scottsdale Scorpions : RHP Billy O'Neal
Batting: RHB Jesús Sánchez 0-0: SOLO HOME RUN (Flyball, 8LXD), Distance : 454 ft
Batting: LHB Ricardo García 0-0: SINGLE (Line Drive, 8RS)
Pitching: RHP Alejandro Guzmán
Batting: SHB Fernando Gutiérrez 0-0: Fly out, F4 (Popup, 4)
Batting: RHB Ángel López 0-0: Foul Ball, location: 2F
0-1: Ball
1-1: Ball
2-1: Fly out, F9 (Flyball, 9LMF)
Batting: RHB Jonny Lord 0-0: Ball
1-0: SINGLE (Groundball, 6D)
Ricardo García to second
Batting: RHB Jesús García 0-0: Ball
1-0: Ball
2-0: Ball
3-0: Called Strike
3-1: Base on Balls
Ricardo García to third
Jonny Lord to second
Batting: LHB Pedro Ramos 0-0: Foul Ball, location: 2F
0-1: Ground out U3 (Groundball, 3)
Bottom of the 8th over - 1 run(s), 3 hit(s), 0 error(s), 3 left on base; Scottsdale 5 - Pensacola 3
TOP OF THE 9TH
Scottsdale Scorpions batting - Pitching for Pensacola Pilots : RHP Manuel Valdés
Batting: SHB Arnold Moore 0-0: Ball
1-0: Called Strike
1-1: DOUBLE (Line Drive, 9LM)
Batting: LHB José Garza 0-0: Intentional Walk
Pinch Hitting: LHB Alberto Roberts 0-0: Sac Bunt - play at first, batter OUT! 1-3
Arnold Moore to third
José Garza to second
Pinch Hitting: RHB Cristián Román 0-0: Swinging Strike
0-1: Ball
1-1: Called Strike
1-2: Ball
2-2: Foul Ball, location: 2F
2-2: Ball
3-2: SINGLE (Groundball, 56)
Arnold Moore scores
José Garza to third
Runner from 3rd tries for Home, SAFE, no throw
Batting: LHB Ernesto Hernández 0-0: Foul Ball, location: 2F
0-1: Ball
1-1: Ball
2-1: Ball
3-1: Base on Balls
Cristián Román to second
Batting: RHB Edgardo Gonzáles 0-0: Called Strike
0-1: Swinging Strike
0-2: SINGLE (Groundball, 34D)
Cristián Román to third
Ernesto Hernández to second
Pitching: LHP Jorge Silva
Batting: LHB Sergio Fernández 0-0: Ball
1-0: Foul Ball, location: 2F
1-1: Ball
2-1: Called Strike
2-2: Ball
3-2: Base on Balls
Cristián Román scores
Ernesto Hernández to third
Edgardo Gonzáles to second
Batting: RHB Sergio Domínguez 0-0: Called Strike
0-1: Ball
1-1: Foul Ball, location: 2F
1-2: Ball
2-2: Ball
3-2: Fly out, F8 (Flyball, 8RM)
Runner from 3rd tags up, SCORES, no throw
Batting: RHB Ricardo Gutiérrez 0-0: Called Strike
0-1: Ball
Wild Pitch!
Edgardo Gonzáles to third
Sergio Fernández to second
1-1: Called Strike
1-2: Ball
2-2: Ground out 6-3 (Groundball, 6)
Top of the 9th over - 4 run(s), 3 hit(s), 0 error(s), 2 left on base; Scottsdale 9 - Pensacola 3
BOTTOM OF THE 9TH
Pensacola Pilots batting - Pitching for Scottsdale Scorpions : RHP Alejandro Guzmán
Now at 2B: Lúcio Ramírez
Now in LF: Alberto Roberts
Now in RF: Justin Holland
Batting: RHB José Cordero 0-0: Ball
1-0: Ball
2-0: Ball
3-0: Called Strike
3-1: Base on Balls
Batting: RHB Peter Bishop 0-0: Ball
1-0: SINGLE (Groundball, 56D)
José Cordero to second
Batting: RHB Jesús Sánchez 0-0: Ball
1-0: Ball
2-0: Foul Ball, location: 2F
2-1: Fly out, F8 (Flyball, 8LS)
Batting: LHB Ricardo García 0-0: Called Strike
0-1: Ball
1-1: Ball
2-1: Swinging Strike
2-2: Ball
3-2: Strikes out looking
Batting: SHB Fernando Gutiérrez 0-0: Fielders Choice at 2nd, 6-4 (Groundball, 6)
Bottom of the 9th over - 0 run(s), 1 hit(s), 0 error(s), 1 left on base; Scottsdale 9 - Pensacola 3
Thursday, March 30th, 2017 - OOTP Baseball 17.12 Build 75